 Dungeon Sprint DCSS version 0.32-a0-42-ga30500b4d3 (webtiles) character file.

Game seed: 12654028139786089098

3567 rocky1 the Carver (level 10, -13/82 HPs)
             Began as a Merfolk Alchemist on Jan 29, 2024.
             Was a High Priest of Sif Muna.
             Killed from afar by a lindwurm (36 damage)
             ... with a blast of flame
             ... in the Dungeon (Sprint VII: "The Pits").
             The game lasted 00:07:49 (2252 turns).

rocky1 the Carver (Merfolk Alchemist)               Turns: 2252, Time: 00:07:50

Health: -13/82     AC:  3    Str:  8    XL:     10   Next: 9%
Magic:  8/23       EV: 17    Int: 20    God:    Sif Muna [*****.]
Gold:   0          SH:  0    Dex: 20    Spells: 7/27 levels left

rFire   . . .        t - +2 scimitar (elec)
rCold   . . .        (no shield)
rNeg    . . .        a - +0 robe
rPois   .            (no helmet)
rElec   .            s - +0 cloak
rCorr   .            (no gloves)
SInv    .            (no boots)
Will    .....        (no amulet)
Stlth   +++          o - +3 ring of intelligence
HPRegen 0.33/turn    p - +3 ring of dexterity
MPRegen 0.18/turn

%: no teleportation
@: lethally poisoned (-13 -> -86), radiating poison
A: (nimble swimmer 2), mertail
a: Renounce Religion, Channel Magic, Forget Spell, Divine Exegesis


You were in the Dungeon.
You worshipped Sif Muna.
Sif Muna was extremely pleased with you.
You visited 1 branch

Inventory:

Hand Weapons
 m - a +0 long sword of holy wrath
 t - a +2 scimitar of electrocution (weapon)
Armour
 a - a +0 robe (worn)
 l - a +5 ring mail
 s - a +0 cloak (worn)
Jewellery
 o - a +3 ring of intelligence (left hand)
 p - a +3 ring of dexterity (right hand)
Wands
 n - a wand of flame (13)
Scrolls
 g - a scroll of blinking
 i - 2 scrolls of vulnerability
 j - 5 scrolls of amnesia
 k - a scroll of summoning
Potions
 b - 5 potions of magic
 c - 7 potions of curing
 d - 10 potions of heal wounds
 e - a potion of haste
 f - 2 potions of berserk rage
 h - 2 potions of invisibility
 q - 3 potions of might
 r - a potion of brilliance


   Skills:
 * Level 8.7 Fighting
 * Level 12.9 Long Blades
 + Level 7.2 Dodging
 + Level 5.5 Stealth
 * Level 9.4 Spellcasting
 + Level 2.8 Conjurations
 * Level 2.8 Fire Magic
 * Level 4.4 Air Magic
 + Level 12.8 Alchemy
 * Level 8.9 Invocations


You had 7 spell levels left.
You knew the following spells:

 Your Spells              Type           Power      Damage    Failure   Level
a - Sting                 Conj/Alch      100%       1d9       1%          1
b - Olgreb's Toxic Radia  Alch           57%        N/A       1%          4
c - Mephitic Cloud        Conj/Alch/Air  36%        N/A       1%          3
d - Eringya's Noxious Bo  Alch           28%        4d6       6%          6
e - Sticky Flame          Fire/Alch      40%        2d8       3%          4
f - Mercury Vapours       Alch/Air       86%        N/A       1%          2

Your spell library contained the following spells:

 Spells                   Type           Power      Damage    Failure   Level
 Leda's Liquefaction      Alch/Erth      17%        N/A       5%          4
 Lesser Beckoning         Tloc           18%        N/A       11%         2
 Inner Flame              Hex/Fire       15%        N/A       12%         3
 Gell's Gravitas          Tloc           9%         N/A       22%         3
 Sigil of Binding         Hex            9%         N/A       22%         3
 Brom's Barrelling Bould  Conj/Erth      15%        2d4       38%         4
 Dimensional Bullseye     Hex/Tloc       4%         N/A       58%         4
 Dispersal                Tloc           4%         N/A       100%        6


Dungeon Overview and Level Annotations

Branches:
Dungeon (1/1)

Altars:
Ashenzari
Cheibriados
Dithmenos
Elyvilon
Fedhas
Gozag
Hepliaklqana
Kikubaaqudgha
Makhleb
Nemelex Xobeh
Okawaru
Qazlal
Ru
Sif Muna
Trog
Uskayaw
Vehumet
Wu Jian
Xom
Yredelemnul
Zin
The Shining One
Jiyva
Lugonu


Innate Abilities, Weirdness & Mutations

((You are very nimble when in or above water. (Stealth+, EV+, Speed+++)))
Your lower body shifts to a powerful aquatic tail in water.


Message History

Okay, then.
Casting: Olgreb's Toxic Radiance (safe; 1% risk of failure)
Confirm with . or Enter, or press ? or * to list all spells.
Aiming: Sticky Flame (dangerous; 3% risk of failure)
Press: ? - help, Shift-Dir - straight line, f - spriggan
Aim: a spriggan, wielding a +0 dagger and wearing a +0 robe (severely wounded, very poisoned)
The sticky flame hits the spriggan!
You kill the spriggan!
Sif Muna accepts your kill.
Casting: Sticky Flame (dangerous; 3% risk of failure)
Confirm with . or Enter, or press ? or * to list all spells.
Aiming: Sticky Flame (dangerous; 3% risk of failure)
Press: ? - help, Shift-Dir - straight line, f - sea snake
Aim: a sea snake (moderately wounded, extremely poisoned)
The sticky flame hits the sea snake!
The sea snake is heavily wounded.
The sea snake looks as sick as possible!
The sea snake burns!
The sea snake bites you.
You are poisoned.
The sea snake poisons you! The lindwurm bites you. The lindwurm claws you.
The lindwurm claws you but does no damage.
You closely miss the lindwurm.
The lindwurm is moderately wounded.
You feel extremely sick.
The sea snake burns!
The sea snake bites you!
You are more poisoned.
The sea snake poisons you! The lindwurm bites you!
* * * LOW HITPOINT WARNING * * *
The lindwurm misses you. The lindwurm claws you.
* * * LOW HITPOINT WARNING * * *
You feel much better.
The sea snake looks as sick as possible!
* * * LOW HITPOINT WARNING * * *
You feel extremely sick.
The sea snake burns!
You kill the sea snake!
Sif Muna accepts your kill. The lindwurm breathes flames at you.
The blast of flame hits you!!!
You die...

.......##..##........##
.......##''#)..#..#...#
#########.............+
#########++#)..#..#...#
..#..[.# ..##........##
..#...[# ...###....###
..'..))# .....##..##
..#..))# #.....'..+
..#..))# #...k@.+
######## ########


You could see a lindwurm (poisoned, catching breath).

Vanquished Creatures
  A boulder beetle (D)
  A sea snake (D)
  A bog body (D)
  An orc sorcerer (D)
  A polar bear (D)
  A wandering mushroom (D)
  A merfolk (D)
  A glass eye (D)
  A wraith (D)
  A small abomination (D)
  A spriggan (D)
  A redback (D)
  Edmund (D)
  An ice beast (D)
  A crocodile (D)
  A wolf (D)
  A centaur (D)
  2 bullfrogs (D)
  A necrophage (D)
  An iron imp (D)
  An iguana (D)
  A gnoll (D)
  An ufetubus (D)
  An adder skeleton (D)
  An adder zombie (D)
  A ribbon worm (D)
  2 goblins (D)
  A hobgoblin (D)
  3 jackals (D)
  A quokka (D)
  A kobold (D)
  A rat (D)
36 creatures vanquished.

Notes
Turn   | Place    | Note
-------+----------+-------------------------------------------
     0 | D        | rocky1 the Merfolk Alchemist began the quest for the Orb.
     0 | D        | Reached XP level 1. HP: 13/13 MP: 3/3
    20 | D        | Found a bloodstained altar of Trog.
    20 | D        | Found a shimmering blue altar of Sif Muna.
    20 | D        | Found a viscous altar of Jiyva.
    20 | D        | Found a hazy altar of Hepliaklqana.
    20 | D        | Found an opulent altar of Gozag.
    21 | D        | Found a glowing golden altar of the Shining One.
    21 | D        | Found a glowing silver altar of Zin.
    21 | D        | Found a basalt altar of Yredelemnul.
    21 | D        | Found a shimmering altar of Xom.
    21 | D        | Found an ornate altar of the Wu Jian Council.
    21 | D        | Found a sacrificial altar of Ru.
    21 | D        | Found a stormy altar of Qazlal.
    21 | D        | Found an iron altar of Okawaru.
    21 | D        | Found a sparkling altar of Nemelex Xobeh.
    21 | D        | Found a burning altar of Makhleb.
    21 | D        | Found a blossoming altar of Fedhas.
    21 | D        | Found a white marble altar of Elyvilon.
    21 | D        | Found a shadowy altar of Dithmenos.
    21 | D        | Found a snail-covered altar of Cheibriados.
    24 | D        | Found a corrupted altar of Lugonu.
    24 | D        | Found a radiant altar of Vehumet.
    25 | D        | Found an ancient bone altar of Kikubaaqudgha.
    25 | D        | Found a hide-covered altar of Uskayaw.
    25 | D        | Found a broken altar of Ashenzari.
    26 | D        | Became a worshipper of Sif Muna the Loreminder
    61 | D        | Noticed a glass eye
    89 | D        | Killed a glass eye
    90 | D        | Reached skill level 1 in Conjurations
    90 | D        | Reached XP level 2. HP: 25/25 MP: 3/6
    90 | D        | Reached XP level 3. HP: 30/30 MP: 4/8
    90 | D        | Reached XP level 4. HP: 37/37 MP: 4/9
    90 | D        | Reached XP level 5. HP: 42/42 MP: 4/10
   145 | D        | Learned a level 4 spell: Olgreb's Toxic Radiance
   149 | D        | Learned a level 3 spell: Mephitic Cloud
   160 | D        | Reached * piety under Sif Muna
   161 | D        | Reached skill level 5 in Dodging
   197 | D        | Reached ** piety under Sif Muna
   202 | D        | Reached *** piety under Sif Muna
   203 | D        | Reached skill level 5 in Long Blades
   203 | D        | Reached XP level 6. HP: 46/49 MP: 6/12
   478 | D        | Noticed an ice beast
   484 | D        | Reached skill level 5 in Fighting
   484 | D        | Reached skill level 5 in Invocations
   484 | D        | Reached **** piety under Sif Muna
   485 | D        | Reached skill level 5 in Stealth
   485 | D        | Reached skill level 5 in Spellcasting
   485 | D        | Reached skill level 10 in Alchemy
   485 | D        | Reached XP level 7. HP: 43/56 MP: 4/15
   672 | D        | Noticed a wandering mushroom
   692 | D        | Killed a wandering mushroom
   951 | D        | Reached ***** piety under Sif Muna
   956 | D        | Reached XP level 8. HP: 65/65 MP: 9/17
   960 | D        | Received a gift from Sif Muna
  1214 | D        | Got Sif Muna's Catalogue of Reshaped Position {god gift}
  1322 | D        | Learned a level 6 spell: Eringya's Noxious Bog
  1322 | D        | Noticed Edmund
  1322 | D        | Noticed a bog body
  1322 | D        | Noticed a small abomination
  1327 | D        | Killed a small abomination
  1328 | D        | Reached skill level 1 in Air Magic
  1331 | D        | Killed Edmund
  1332 | D        | Reached skill level 10 in Long Blades
  1333 | D        | Killed a bog body
  1334 | D        | Reached XP level 9. HP: 72/72 MP: 10/20
  1585 | D        | Learned a level 4 spell: Sticky Flame
  1739 | D        | Noticed a polar bear
  1742 | D        | Noticed a merfolk
  1746 | D        | Reached skill level 1 in Fire Magic
  1747 | D        | Killed a polar bear
  1755 | D        | Killed a merfolk
  1755 | D        | Received a gift from Sif Muna
  1758 | D        | Got Kajougg's Incunabulum of Felsic Execration {god gift}
  1943 | D        | Learned a level 2 spell: Mercury Vapours
  1954 | D        | Noticed a boulder beetle
  1954 | D        | Noticed an orc sorcerer
  1963 | D        | Killed a boulder beetle
  1967 | D        | Killed an orc sorcerer
  1968 | D        | Reached XP level 10. HP: 82/82 MP: 11/23
  2245 | D        | Noticed a lindwurm
  2245 | D        | Noticed a sea snake
  2252 | D        | Killed a sea snake
  2252 | D        | Killed from afar by a lindwurm

Illustrated notes

Levels and vault maps discovered:
D:        pitsprint [storerooms_1, entrance_room_1, metal_vault_4, armoury_1,
          mini_pit_1, grid_room_1, main_hall_1, silver_pit, the_coven_1,
          the_vestibule_1, steel_vault_1, golden_pit, hallway_of_sentries,
          crystal_vault_2, iron_vault_1, final_vault]

Skill      XL: |  1  2  3  4  5  6  7  8  9 |
---------------+----------------------------+-----
Fighting       | 4 5 6 7 8 |  8.7
Long Blades    | 4 5 7 9 11 12 | 12.9
Dodging        | 4 5 6 7 |  7.2
Stealth        | 4 5 |  5.5
Spellcasting   | 3 4 5 6 7 9 |  9.4
Conjurations   | 1 2 |  2.8
Alchemy        | 8 9 10 11 12 | 12.8
Invocations    | 4 5 6 7 8 |  8.9
Air Magic      | 2 4 |  4.4
Fire Magic     | 2 |  2.8

Action                     |  1- 3 |  4- 6 |  7- 9 | 10-12 || total
---------------------------+-------+-------+-------+-------++-------
  Melee: Falchion          |    25 |    11 |       |       ||    36
         Unarmed           |     1 |       |       |       ||     1
         Long sword        |       |     5 |    23 |       ||    28
         Punch             |       |       |     1 |       ||     1
         Scimitar          |       |       |    18 |     2 ||    20
   Cast: Sting             |     2 |     2 |    10 |       ||    14
         Olgreb's Toxic Ra |       |     4 |     8 |     2 ||    14
         Mephitic Cloud    |       |       |     3 |       ||     3
         Sticky Flame      |       |       |       |     2 ||     2
    Use: Potion            |       |       |     2 |     1 ||     3
   Stab: Sleeping          |     1 |       |       |       ||     1
         Confused          |       |       |     2 |       ||     2
 Armour: Robe              |     1 |     9 |    12 |    10 ||    32
  Dodge: Dodged            |     2 |    14 |    26 |     1 ||    43

Table legend: (Time is in decaauts)
 A = Elapsed time spent in this place.
 B = Non-inter-level travel time spent in this place.
 C = Inter-level travel time spent in this place.
 D = Time resting spent in this place.
 E = Time spent auto-exploring this place.
 F = Levels seen in this place.
 G = Mean time per level.
                   A        B        C        D        E       F      G
               +--------+--------+--------+--------+--------+-----+--------+
         Total |   2272 |   2209 |     63 |   1782 |      0 |   1 | 2272.0 |
       Dungeon |   2272 |   2209 |     63 |   1782 |      0 |   1 | 2272.0 |
               +--------+--------+--------+--------+--------+-----+--------+

Top non-repeatable levels by time:
       D: 2272 daAuts
